 Dungeon Crawl Stone Soup version 0.30-a0-972-gf3ab3527aa (webtiles) character file.

Game seed: 4588323886777182039

146785 retardedninja the Warrior (level 17, -8/154 HPs)
             Began as a Naga Fighter on Mar 31, 2023.
             Was the Champion of Hepliaklqana.
             Mangled by a spriggan berserker
             ... wielding a +0 war axe
              (13 damage)
             ... on level 4 of the Swamp.
             The game lasted 00:45:40 (30445 turns).

retardedninja the Warrior (Naga Fighter)           Turns: 30445, Time: 00:45:40

Health: -8/154     AC: 37    Str: 31    XL:     17   Next: 45%
Magic:  0/17       EV:  3    Int:  9    God:    Hepliaklqana [******]
Gold:   2811       SH:  0    Dex: 10    Spells: 16/16 levels left

rFire   x . .      SeeInvis +    F - +5 war axe (flame)
rCold   + . .      Faith    .    m - +0 kite shield
rNeg    + . .      Spirit   +    v - +4 plate armour
rPois   +          Reflect  .    e - +0 helmet
rElec   +          Rampage  .    z - +1 cloak of Truth {rElec rN+}
rCorr   +                        I - +0 pair of gloves
Will    ++...                    H - +4 barding Stlth
                                 d - amulet of guardian spirit
HPRegen 0.45/turn                A - ring of resist corrosion
MPRegen 0.15/turn                B - ring of Deirol {Ice Str+4 Slay+2}

@: confused, about to teleport, ambrosia-drunk, very slow
A: reduced essence, AC +5, large, see invisible, deformed body, poison
resistance, slowness 2, spit poison 1, naga tail 2
a: Spit Poison, Renounce Religion, Recall Ancestor, Ancestor Identity,
Transference, Idealise


You were on level 4 of the Swamp.
You worshipped Hepliaklqana.
Hepliaklqana was exalted by your worship.
You visited 5 branches of the dungeon, and saw 27 of its levels.
You also visited: Bailey.

You collected 3604 gold pieces.
You spent 793 gold pieces at shops.

Inventory:

Hand Weapons
 w - the +7 Throatcutter {drain, coup de grace}
   (You found it on level 10 of the Dungeon)
 F - a +5 war axe of flaming (weapon)
Armour
 e - a +0 helmet (worn)
 m - a +0 kite shield (worn)
 v - a +4 plate armour (worn)
 z - the +1 cloak of Truth (worn) {rElec rN+}
   (You found it on level 4 of the Lair of Beasts)

   rElec:     It insulates you from electricity.
   rN:        It protects you from negative energy.
 H - a +4 barding (worn)
 I - a +0 pair of gloves (worn)
Jewellery
 d - an amulet of guardian spirit (around neck)
 n - a ring of fire
 A - a ring of resist corrosion (left hand)
 B - the ring of Deirol (right hand) {Ice Str+4 Slay+2}
   (You took it off a spriggan on level 5 of the Lair of Beasts)

   [ring of ice]

   It enhances your ice magic.
   Str:       It affects your strength (+4).
   Slay:      It affects your accuracy & damage with ranged weapons and melee
   (+2).
   rF:        It makes you vulnerable to fire.
   rC:        It protects you from cold.
Wands
 f - a wand of digging (4)
 r - a wand of mindburst (16)
 t - a wand of paralysis (13)
 K - a wand of flame (20)
 M - a wand of polymorph (6)
Scrolls
 b - 2 scrolls of magic mapping
 k - a scroll of torment
 o - 6 scrolls of fog
 p - 4 scrolls of amnesia
 y - a scroll of vulnerability
 G - 2 scrolls of poison
 N - 7 scrolls of identify
Potions
 c - a potion of heal wounds
 g - 8 potions of mutation
 i - 8 potions of brilliance
 j - 6 potions of ambrosia
 l - 2 potions of lignification
 s - 2 potions of might
 u - a potion of attraction
 x - 6 potions of curing
 D - a potion of resistance
 E - 7 potions of flight
 J - a potion of magic
Miscellaneous
 h - a lightning rod (inert)
 q - a phantom mirror (inert)


   Skills:
 + Level 16.0 Fighting
 + Level 15.8 Axes
 + Level 13.6 Armour
 + Level 14.7 Shields


You had 16 spell levels left.
You didn't know any spells.
Your spell library contained the following spells:

 Spells                   Type           Power      Damage    Failure   Level
 Apportation              Tloc           0%         N/A       98%         1
 Freeze                   Ice            0%         1d3       98%         1
 Magic Dart               Conj           0%         1d3       98%         1
 Necrotise                Necr           0%         1d4       98%         1
 Summon Small Mammal      Summ           0%         N/A       98%         1
 Call Imp                 Summ           0%         N/A       99%         2
 Cigotuvi's Dreadful Rot  Necr/Pois/Air  0%         N/A       99%         2
 Poisonous Vapours        Pois/Air       0%         N/A       99%         2
 Searing Ray              Conj           0%         2d4       99%         2
 Frozen Ramparts          Ice            0%         1d1       100%        3
 Hailstorm                Conj/Ice       0%         3d3       100%        3
 Inner Flame              Hex/Fire       0%         N/A       100%        3
 Mephitic Cloud           Conj/Pois/Air  0%         N/A       100%        3
 Ozocubu's Armour         Ice            0%         N/A       100%        3
 Portal Projectile        Hex/Tloc       0%         N/A       100%        3
 Tukima's Dance           Hex            0%         N/A       100%        3
 Flame Wave               Conj/Fire      0%         2d4       100%        4
 Fulminant Prism          Conj/Hex       0%         3d5       100%        4
 Sticky Flame             Conj/Fire      0%         2d3       100%        4
 Blade Hands              Tmut           0%         N/A       100%        5
 Iskenderun's Battlesphe  Conj           0%         2d6       100%        5
 Iron Shot                Conj/Erth      0%         9d1       100%        6
 Ozocubu's Refrigeration  Ice            0%         4d7       100%        7
 Spellforged Servitor     Conj/Summ      0%         N/A       100%        7
 Borgnjor's Revivificati  Necr           0%         N/A       100%        8
 Necromutation            Tmut/Necr      0%         N/A       100%        8
 Death's Door             Necr           0%         N/A       100%        9


Dungeon Overview and Level Annotations

Branches:
Dungeon (15/15)            Temple (1/1) D:5            Lair (5/5) D:8
  Swamp (4/4) Lair:3       Spider (0/4) Lair:2          Orc (2/2) D:11
    Elf (0/3) Orc:2        Vaults (0/5) D:13         Depths (0/4) D:15
 Bailey (visited)
  Slime: Lair:4-5

Altars:
Ashenzari
Cheibriados
Dithmenos
Elyvilon
Fedhas
Gozag
Hepliaklqana
Kikubaaqudgha
Makhleb
Nemelex Xobeh
Okawaru
Qazlal
Ru
Sif Muna
Trog
Uskayaw
Vehumet
Wu Jian
Xom
Yredelemnul
Zin
The Shining One
Jiyva
Lugonu

Shops:
D:6 =:(   Orc:1 *?::   Orc:2 !==*

Portals:
Abyss: Lair:5

Annotations:
D:10 exclusion: oklob sapling
Lair:1 2 transporters, jasper's ghost, journeyman SpEE
Lair:4 exclusion: 4 oklob plants
Swamp:4 Roxanne


Innate Abilities, Weirdness & Mutations

Your life essence is reduced to manifest your ancestor. (-10% HP)
Your serpentine skin is tough. (AC +5)
You have supernaturally acute eyesight. (SInv)
Armour fits poorly on your strangely shaped body.
Your system is resistant to poisons. (rPois)
You cover ground very slowly.
You can spit poison.
You can use your snake-like lower body to constrict enemies.


Message History

* * * LOW HITPOINT WARNING * * *
The polar bear bites you but does no damage.
You block the polar bear's attack.
The polar bear claws you but does no damage.
The spriggan berserker hits you with a +0 war axe!
* * * LOW HITPOINT WARNING * * *
You feel much better.
You constrict the death yak! The death yak gores you.
* * * LOW HITPOINT WARNING * * *
The polar bear bites you.
* * * LOW HITPOINT WARNING * * *
The polar bear claws you but does no damage.
The polar bear claws you.
* * * LOW HITPOINT WARNING * * *
The spriggan berserker hits you with a +0 war axe!
* * * LOW HITPOINT WARNING * * *
The swamp drake breathes poison at you.
The noxious blast engulfs the polar bear but does no damage.
The polar bear is poisoned.
The death yak is engulfed in noxious fumes.
The death yak appears confused.
The death yak gores you but does no damage.
Unknown command.
Okay, then.
You are confused.
You feel invigorated.
You constrict the death yak!
The polar bear is engulfed in noxious fumes.
The polar bear appears confused.
The spriggan berserker is engulfed in noxious fumes.
The spriggan berserker hits you with a +0 war axe!!
* * * LOW HITPOINT WARNING * * *
The tyrant leech is engulfed in noxious fumes.
The death yak is engulfed in noxious fumes.
The death yak appears confused.
The death yak gores you.
* * * LOW HITPOINT WARNING * * *
The death yak gores itself!
The polar bear is engulfed in noxious fumes.
The polar bear rages.
The spriggan berserker is engulfed in noxious fumes.
The spriggan berserker hits you with a +0 war axe!
You die...

♣♣♣♣♣♣♣♣♣♣
♣♣~~~..~..♣♣♣
♣~♣♣♣♣♣♣~~.~♣ ♣♣♣***
♣~~... #####
*~**♣♣~...
##~~.##♣♣~.**♣♣...
#.~~~.≈...§,*♣♣§..
#○○#...≈./.,*♣~~~.
##@#####~~~.~*♣~~~.
##○Yi.§##*~~≈**♣♣~.~
*#khw○≈.~##*,♣* ♣♣~~.
#~○○○###.~##** ♣§~~~
#..###,##≈.## ♣♣.~~~
#~.**~~~##~.###♣~..~~
#♣.~~,,,,#.~~.....~..
*.♣~~~~,,#♣♣≈≈~...~.♣
*♣,,~,,~,#♣....~.....


You could see a death yak (summoned, berserk, confused), a tyrant leech, a
spriggan berserker (berserk), a polar bear (summoned, berserk, confused,
poisoned) and a swamp drake.

Vanquished Creatures
  Mara (Swamp:3)
  Nikola (Swamp:4)
  Kirke (D:14)
  A fire giant (D:15)
  The ghost of Valamore the Gelid, an adept DsEE of Vehumet (Swamp:3)
  An eleionoma (Swamp:2)
  Nessos (Lair:5)
  3 bunyips
  A shambling mangrove (Swamp:4)
  Fannar (Lair:2)
  9 hydras
  A ghost crab (Lair:3)
  A spriggan air mage (Swamp:4)
  A centaur warrior (D:15)
  A boulder beetle (D:14)
  2 two-headed ogres
  3 alligators
  3 death yaks
  3 thrashing horrors (Lair:5)
  A tengu warrior (D:15)
  2 orc high priests (Orc:2)
  4 skeletal warriors (D:15)
  A skyshark (Lair:5)
  Amaemon (Lair:1)
  A spriggan druid (Swamp:2)
  4 goliath frogs
  A spectral hydra (Lair:3)
  A phantasmal warrior (D:15)
  A steelbarb worm (Swamp:1)
  5 orc knights
  7 swamp dragons
  2 lindwurms (Lair:1)
  3 cyclopes
  2 deep elf pyromancers (D:13)
  11 ugly things
  2 orc sorcerers (Orc:2)
  2 will-o-the-wisps
  2 manticores
  4 black mambas
  14 elephants
  4 torpor snails
  5 cane toads
  A smoke demon (Lair:5)
  An orange demon (Lair:1)
  Maggie (D:8)
  Psyche (D:8)
  4 komodo dragons
  2 yaktaurs (D:15)
  A rime drake (Lair:5)
  A freezing wraith (D:15)
  A tengu conjurer (D:15)
  A queen bee (D:13)
  A polar bear (Lair:3)
  5 trolls
  5 meliai (D:13)
  8 tyrant leeches
  7 hornets
  10 blink frogs
  3 slime creatures
  8 spriggans
  2 wyverns
  52 yaks
  3 basilisks
  A wraith (D:9)
  A ynoxinul (Lair:5)
  A golden eye (shapeshifter) (D:14)
  A hog (D:14)
  9 small abominations (Lair:5)
  A large abomination (Lair:5)
  4 vampire mosquitoes
  17 swamp worms
  Menkaure (D:5)
  2 wargs
  5 water moccasins
  3 acid dragons
  2 swamp drakes (Swamp:4)
  16 orc warriors
  A black bear (D:4)
  A spectral blink frog (Lair:3)
  An ogre (Orc:1)
  14 wolves
  4 centaurs
  3 phantoms (D:4)
  6 bullfrogs
  2 kobold brigands (D:8)
  Blork the orc (D:4)
  2 scorpions
  2 wights (D:7)
  21 killer bees
  A howler monkey (D:9)
  6 electric eels
  6 hounds
  9 orc priests
  Crazy Yiuf (D:7)
  9 iguanas
  2 sleepcaps
  Terence (D:3)
  18 orc wizards
  2 gnolls
  5 adders
  9 white imps
  An ufetubus (D:6)
  2 dart slugs
  3 worms
  26 orcs
  8 ball pythons
  6 endoplasms
  4 giant cockroaches
  6 hobgoblins
  6 jackals
  3 quokkas
  4 bats (D:1)
  5 frilled lizards
  5 goblins
  12 kobolds
  12 rats
528 creatures vanquished.

Vanquished Creatures (collateral kills)
  Rupert (Lair:4)
  Gastronok (D:8)
  A thorn hunter (Swamp:4)
  An eleionoma (Swamp:1)
  A catoblepas (Lair:5)
  4 hydras
  A spriggan air mage (Swamp:4)
  3 two-headed ogres
  A death knight (D:15)
  2 boulder beetles
  8 alligators
  8 death yaks
  An orc high priest (Orc:2)
  A spriggan berserker (Swamp:4)
  A goliath frog (Swamp:2)
  3 skeletal warriors (D:15)
  A bog body (Swamp:1)
  A spectral hydra (Lair:3)
  4 swamp dragons (Swamp:4)
  An orc knight (Orc:2)
  2 steelbarb worms (Swamp:1)
  3 ugly things
  2 deep elf pyromancers
  3 large abominations (Lair:5)
  An orc sorcerer (Orc:2)
  A manticore (D:15)
  A cyclops (D:11)
  7 elephants
  A smoke demon (Lair:5)
  A gargoyle (D:10)
  3 cane toads
  A black mamba (Lair:3)
  A cane toad (shapeshifter) (Lair:5)
  A rime drake (Lair:3)
  2 komodo dragons
  2 efreet
  A freezing wraith (D:15)
  3 yaktaurs (D:15)
  A meliai (D:13)
  A troll (shapeshifter) (Lair:5)
  A polar bear (shapeshifter) (Lair:5)
  An ancient zyme (Lair:5)
  2 tyrant leeches (Swamp:1)
  2 polar bears
  5 hornets
  A tarantella (shapeshifter) (D:14)
  6 blink frogs
  4 slime creatures
  A spectral black mamba (Lair:3)
  5 spriggans
  14 yaks
  A wyvern (D:9)
  2 wraiths
  2 hogs (D:14)
  Grum (D:11)
  A redback (shapeshifter) (Lair:5)
  2 steam dragons
  A chaos spawn (Lair:5)
  2 vampire mosquitoes
  4 small abominations (Lair:5)
  11 swamp worms
  An acid dragon (D:12)
  A warg (D:14)
  7 water moccasins
  8 orc warriors
  2 black bears
  An ice beast (D:7)
  A sky beast (D:6)
  3 swamp drakes (Swamp:4)
  3 ogres
  6 wolves
  A centaur (D:8)
  A phantom (D:5)
  A spectral basilisk (Lair:3)
  A kobold brigand (D:9)
  10 bullfrogs
  A scorpion (D:5)
  A wight (D:7)
  5 killer bees
  5 electric eels
  A jelly (D:5)
  4 orc priests
  2 iguanas
  A battlemage (D:9)
  5 orc wizards
  A gnoll (Bailey)
  3 adders (D:10)
  4 white imps (D:13)
  An ufetubus (D:6)
  A worm (D:5)
  22 orcs
  6 goblins
  A hobgoblin (Bailey)
  4 jackals (D:10)
  3 ball pythons (D:10)
  9 kobolds
279 creatures vanquished.

Vanquished Creatures (others)
  A spriggan berserker (Swamp:4)
  3 bloated husks
  An orc priest (Orc:2)
  24 battlemagi
  An orc wizard (D:9)
  An orc (Orc:2)
  8 foxfires
  22 fungi
  58 plants
119 creatures vanquished.

Grand Total: 926 creatures vanquished

Notes
Turn   | Place    | Note
-------+----------+-------------------------------------------
     0 | D:1      | retardedninja the Naga Fighter began the quest for the Orb.
     0 | D:1      | Reached XP level 1. HP: 21/21 MP: 1/1
    63 | D:1      | Reached XP level 2. HP: 27/28 MP: 2/2
   401 | D:1      | Reached XP level 3. HP: 32/34 MP: 3/3
  1362 | D:2      | Reached XP level 4. HP: 39/42 MP: 4/4
  1985 | D:3      | Noticed Terence
  2002 | D:3      | Killed Terence
  2258 | D:3      | Reached XP level 5. HP: 47/50 MP: 5/5
  2319 | D:3      | Noticed a moth of wrath
  2323 | D:3      | Found a bloodstained altar of Trog.
  2824 | D:3      | Found a faded altar of an unknown god.
  3337 | D:4      | Reached skill level 4 in Fighting
  3456 | D:4      | Found a hazy altar of Hepliaklqana.
  3469 | D:4      | Became a worshipper of Hepliaklqana the Forgotten
  3474 | D:4      | Noticed a phantom
  3503 | D:4      | Killed a phantom
  3504 | D:4      | Reached XP level 6. HP: 18/57 MP: 6/6
  3755 | D:4      | Noticed Blork the orc
  3768 | D:4      | Reached XP level 7. HP: 24/66 MP: 7/7
  3769 | D:4      | Killed Blork the orc
  4270 | D:4      | Reached skill level 5 in Fighting
  4444 | D:4      | Reached * piety under Hepliaklqana
  4792 | D:5      | Entered Level 5 of the Dungeon
  4800 | D:5      | Reached XP level 8. HP: 62/66 MP: 8/8
  4864 | D:5      | Noticed Menkaure
  4879 | D:5      | Killed Menkaure
  4880 | D:5      | Reached skill level 5 in Shields
  5052 | D:5      | Reached skill level 5 in Axes
  5358 | D:5      | Found a staircase to the Ecumenical Temple.
  5374 | Temple   | Entered the Ecumenical Temple
  6031 | D:5      | Found a white marble altar of Elyvilon.
  6205 | D:6      | Found Ynwuh's Jewellery Emporium.
  6212 | D:6      | Reached skill level 6 in Fighting
  6296 | D:6      | Found Cokhael's Book Shop.
  6372 | D:6      | Reached skill level 5 in Armour
  6443 | D:6      | Found a shimmering blue altar of Sif Muna.
  6474 | D:6      | Reached ** piety under Hepliaklqana
  6475 | D:6      | Remembered your ancestor stephen hawking as a battlemage
  6576 | D:6      | Found Zyakiacle's Magic Scroll Shoppe.
  6763 | D:6      | Found Mexy's Antique Weapon Shop.
  6874 | D:7      | Reached XP level 9. HP: 68/73 MP: 9/9
  7430 | D:7      | Reached skill level 7 in Fighting
  7578 | D:7      | Found a stormy altar of Qazlal.
  7644 | D:7      | Found a runed translucent door.
  7645 | D:7      | Noticed Crazy Yiuf
  7709 | D:7      | Killed Crazy Yiuf
  7965 | D:8      | Found a burning altar of Makhleb.
  8033 | D:8      | Identified the +0 robe "Ocinta" {rF+ Will- Archmagi}
  8062 | D:8      | Noticed Maggie
  8071 | D:8      | Killed Maggie
  8090 | D:8      | Reached XP level 10. HP: 41/84 MP: 10/10
  8467 | D:8      | Noticed Gastronok
  8477 | D:8      | Killed Gastronok
  8478 | D:8      | Reached skill level 8 in Fighting
  8841 | D:8      | Reached *** piety under Hepliaklqana
  8843 | D:8      | Found a staircase to the Lair.
  9122 | D:8      | Noticed Psyche
  9125 | D:8      | Killed Psyche
  9145 | D:8      | Found a shimmering altar of Xom.
  9352 | D:9      | Noticed a two-headed ogre
  9359 | D:9      | Killed a two-headed ogre
  9362 | D:9      | Noticed a two-headed ogre
  9370 | D:9      | Killed a two-headed ogre
  9371 | D:9      | Reached XP level 11. HP: 77/93 MP: 11/11
  9380 | D:9      | Reached skill level 9 in Fighting
  9737 | D:9      | Found a flagged portal.
  9751 | Bailey   | Entered a bailey
 10114 | D:9      | Noticed a boulder beetle
 10128 | D:9      | Killed a boulder beetle
 10809 | D:10     | Entered Level 10 of the Dungeon
 10998 | D:10     | Found the +7 Throatcutter {drain, coup de grace}
 11319 | D:10     | Reached **** piety under Hepliaklqana
 11616 | D:11     | Noticed a cyclops
 11621 | D:11     | Killed a cyclops
 11789 | D:11     | Noticed Grum
 11798 | D:11     | Killed Grum
 11856 | D:11     | Reached skill level 10 in Fighting
 11880 | D:11     | Reached XP level 12. HP: 104/104 MP: 12/12
 12220 | D:11     | Found a staircase to the Orcish Mines.
 12336 | D:11     | Noticed a two-headed ogre
 12340 | D:11     | Killed a two-headed ogre
 12341 | D:11     | Reached skill level 10 in Axes
 12664 | Lair:1   | Entered Level 1 of the Lair of Beasts
 12933 | Lair:1   | Noticed a death yak
 12934 | Lair:1   | Noticed a death yak
 12934 | Lair:1   | Noticed a death yak
 12942 | Lair:1   | Killed a death yak
 12944 | Lair:1   | Killed a death yak
 12945 | Lair:1   | Killed a death yak
 13057 | Lair:1   | You fall into a shaft and drop 1 floor!
 13118 | Lair:1   | Noticed Amaemon
 13118 | Lair:1   | Noticed a death yak
 13119 | Lair:1   | Noticed a death yak
 13119 | Lair:1   | Noticed a death yak
 13132 | Lair:1   | Killed Amaemon
 13133 | Lair:1   | Reached skill level 10 in Shields
 13494 | Lair:1   | Reached skill level 11 in Fighting
 13628 | Lair:1   | Reached ***** piety under Hepliaklqana
 13646 | Lair:1   | Noticed jasper's ghost (journeyman SpEE)
 13648 | Lair:1   | Found a transporter.
 13655 | Lair:1   | Found a transporter.
 13702 | Lair:1   | Killed a death yak
 13706 | Lair:1   | Killed a death yak
 13707 | Lair:1   | Killed a death yak
 13708 | Lair:1   | Gained mutation: You can use your snake-like lower body to
                  | constrict enemies. [Naga growth]
 13708 | Lair:1   | Reached XP level 13. HP: 111/114 MP: 13/13
 14429 | Lair:2   | Noticed Fannar
 14434 | Lair:2   | Killed Fannar
 14709 | Lair:2   | Found a hole to the Spider Nest.
 15695 | Lair:3   | Reached skill level 10 in Armour
 15776 | Lair:3   | Reached skill level 12 in Fighting
 16720 | Lair:3   | Found a staircase to the Swamp.
 16848 | Lair:4   | Reached XP level 14. HP: 107/121 MP: 14/14
 16995 | Lair:4   | Noticed Rupert
 17008 | Lair:4   | Killed Rupert
 17737 | Lair:4   | Reached ****** piety under Hepliaklqana
 17769 | Lair:4   | Identified the +1 cloak of Truth {rElec rN+}
 18137 | Lair:4   | Reached skill level 13 in Fighting
 18231 | Lair:4   | Found a viscous altar of Jiyva.
 18256 | Lair:5   | Entered Level 5 of the Lair of Beasts
 19049 | Lair:5   | Noticed Nessos
 19058 | Lair:5   | Killed Nessos
 19605 | Lair:5   | Reached XP level 15. HP: 96/133 MP: 15/15
 19797 | Lair:5   | Identified the ring of Deirol {Ice Str+4 Slay+2}
 19932 | Lair:5   | Found a corrupted altar of Lugonu.
 19932 | Lair:5   | Found a one-way gate to the infinite horrors of the Abyss.
 21396 | D:13     | Found a frozen archway.
 21613 | D:13     | Found a gate to the Vaults.
 21620 | D:13     | Reached skill level 14 in Fighting
 22203 | D:14     | Noticed Kirke
 22220 | D:14     | Killed Kirke
 22932 | D:15     | Entered Level 15 of the Dungeon
 22966 | D:15     | Found a staircase to the Depths.
 22966 | D:15     | Noticed a fire giant
 23501 | D:15     | Killed a fire giant
 23502 | D:15     | Reached XP level 16. HP: 73/144 MP: 9/16
 24202 | Orc:1    | Entered Level 1 of the Orcish Mines
 24202 | Orc:1    | Found Tiol's General Store.
 24202 | Orc:1    | Found Yfuqiug's Magic Scroll Boutique.
 24216 | Orc:1    | Bought a +0 kite shield for 72 gold pieces
 24216 | Orc:1    | Bought a scroll of enchant armour for 120 gold pieces
 24216 | Orc:1    | Bought a scroll of enchant weapon for 120 gold pieces
 24391 | Orc:1    | Bought a scroll of enchant armour for 97 gold pieces
 24468 | Orc:1    | Found Ynaefuv's Book Boutique.
 24498 | Orc:1    | Found Fomott's Book Boutique.
 24623 | Orc:2    | Entered Level 2 of the Orcish Mines
 24834 | Orc:2    | Found a staircase to the Elven Halls.
 25312 | Orc:2    | Found Rentutz's General Store.
 25312 | Orc:2    | Found Kanket's Jewellery Boutique.
 25314 | Orc:2    | Found Ekod's Jewellery Emporium.
 25314 | Orc:2    | Found Erugroif's Distillery.
 25406 | Orc:2    | Bought a potion of curing for 36 gold pieces
 25406 | Orc:2    | Bought a potion of heal wounds for 60 gold pieces
 25406 | Orc:2    | Bought a potion of curing for 36 gold pieces
 25406 | Orc:2    | Bought a potion of curing for 36 gold pieces
 25406 | Orc:2    | Bought a potion of heal wounds for 60 gold pieces
 25406 | Orc:2    | Bought a potion of heal wounds for 60 gold pieces
 25414 | Orc:2    | Bought a potion of mutation for 96 gold pieces
 25743 | Swamp:1  | Entered Level 1 of the Swamp
 25868 | Swamp:1  | Reached skill level 15 in Fighting
 26613 | Swamp:1  | Reached skill level 15 in Axes
 27510 | Swamp:2  | Identified the +3 flail "Widowmaker" {drain, rF+ Stlth+}
 27848 | Swamp:3  | Found a runed translucent gate.
 27849 | Swamp:3  | Found a runed translucent gate.
 28151 | Swamp:3  | Found a runed translucent gate.
 28155 | Swamp:3  | Noticed Valamore's ghost (adept DsEE)
 28322 | Swamp:3  | Noticed Mara
 28332 | Swamp:3  | Noticed retardedninja's illusion
 28353 | Swamp:3  | Noticed retardedninja's illusion
 28354 | Swamp:3  | Killed Mara
 28936 | Swamp:3  | Killed Valamore's ghost
 28937 | Swamp:3  | Reached XP level 17. HP: 131/153 MP: 9/17
 29107 | Swamp:4  | Entered Level 4 of the Swamp
 29444 | Swamp:4  | Identified Roxanne's Discourse on Shapeshifting
 29444 | Swamp:4  | Noticed Roxanne
 29859 | Swamp:4  | Identified a scroll of acquirement
 29893 | Swamp:4  | Acquired a +5 war axe of flaming
 30323 | Swamp:4  | Reached skill level 16 in Fighting
 30419 | Swamp:4  | Noticed Nikola
 30435 | Swamp:4  | Killed Nikola
 30445 | Swamp:4  | HP: 7/154 [spriggan berserker/+0 war axe (25)]
 30445 | Swamp:4  | Mangled by a spriggan berserker

Illustrated notes

Levels and vault maps discovered:
D:1:      heliophobic_arrival_enchanted_forest, layout_loops_ring,
          corexii_corridor_pit, nrook_mini_vaults
D:2:      layout_basic, st_stairs_13, amcnicky_mini_pool_small
D:3:      layout_rooms, tgw_trog, shapermc_ecumenical_altar_acropolis,
          serial_rivers, chequers_serial_rivers_large_a,
          chequers_serial_rivers_micro_a, chequers_serial_rivers_small_b,
          chequers_serial_rivers_micro_c, chequers_serial_rivers_marsh,
          chequers_serial_rivers_room_a, grunt_decor_mini_mirrors, uniq_terence
D:4:      layout_loops_corners, mainiacjoe_overflow_boulevard,
          uniq_blork_the_orc
D:5:      layout_loops_ring, elyvilon_altar_3, minmay_temple_entry_trees,
          uniq_menkaure
D:6:      layout_loops_ring, mainiacjoe_overflow_paths, serial_shops,
          shop_fountains, nicolae_shop_trees, nicolae_shop_behind_doors, shop,
          serial_glass, glass_columns_a, glass_columns_a, glass_columns_a
D:7:      layout_basic, mainiacjoe_overflow_tiny_flanked,
          uniq_crazy_yiuf_cottage
D:8:      layout_loops_ring, makhleb_blood_cavern_becter, marbit_many_paths,
          dpeg_oklobed_lair, nicolae_water_bricks, uniq_psyche, uniq_gastronok,
          uniq_maggie
D:9:      minmay_polygon_palace, layout_irregular_city, enter_bailey_5,
          serial_bayou, serial_bayou_lake_a, serial_bayou_lagoon_a,
          serial_bayou_pond_d, serial_bayou_pond_c,
          chequers_serial_rivers_room_a
D:10:     layout_loops_ring, reono_crystal_passage, introduction_to_nature_2
D:11:     layout_irregular_city, orc_0_dummy, uniq_grum
D:12:     layout_basic
D:13:     layout_loops_corners, david_vaults_1, portal_ice_cave_entry_imps,
          special_room [special_room_bee]
D:14:     layout_basic, nicolae_titane, uniq_kirke
D:15:     grunt_enter_depths_giant_problem, layout_long_grid, fountainhead
Temple:   regret_index_temple_waves
Lair:1:   layout_gridlike, gammafunk_ghost_hive, nicolae_lair_lindhole,
          grunt_megastairs_5, serial_bayou_shore_a, uniq_amaemon
Lair:2:   layout_regular_city, dummy_spider_entry,
          chequers_serial_rivers_room_b, uniq_fannar
Lair:3:   layout_cave_shapes, nicolae_swamp_entry_spooky, enter_volcano_2,
          grunt_megastairs_3, serial_bayou_shore_b
Lair:4:   layout_cave_pods, minmay_slime_entry_oklob_open, grunt_megastairs_2,
          lemuel_fruit_fields, lemuel_fruit_fields, lemuel_fruit_tree,
          uniq_rupert
Lair:5:   hellmonk_lair_end_abyssal_woods, layout_long_grid, uniq_nessos
Swamp:1:  layout_basic_swamp, evilmike_swamp_ruin_house_4, swamp_pool2,
          nicolae_swamp_vermiculated
Swamp:2:  layout_falls_marsh, evilmike_swamp_ruin_house_6
Swamp:3:  layout_basic_swamp, ebering_ghost_rock_garden, serial_swamp_ruin,
          hangedman_swamp_ruin_wall, evilmike_swamp_ruin_house_5, uniq_mara
Swamp:4:  swamp_basic_johnstein, layout_basic_swamp,
          nicolae_swamp_round_clearing, uniq_roxanne, uniq_nikola
Orc:1:    layout_caves, serial_shops, shop_scrolls, nicolae_shop_waterfront,
          shop, shop, shop, gammafunk_ghost_necromancy
Orc:2:    grunt_orc_tribal_feast, layout_caves

Skill      XL: |  1  2  3  4  5  6  7  8  9 10 11 12 13 14 15 16 17 |
---------------+----------------------------------------------------+-----
Shields        | 3 4 5 6 8 9 10 11 12 13 14 | 14.7
Armour         | 3 4 5 6 7 8 9 10 11 12 13 | 13.6
Axes           | 3 4 5 7 8 9 11 12 13 14 15 | 15.8
Fighting       | 4 5 6 7 8 10 11 12 13 14 15 16 | 16.0

Action                     |  1- 3 |  4- 6 |  7- 9 | 10-12 | 13-15 | 16-18 || total
---------------------------+-------+-------+-------+-------+-------+-------++-------
  Melee: War axe           |   102 |   147 |   190 |   236 |   653 |   418 ||  1746
         Constrict         |       |       |       |       |   154 |    86 ||   240
 Invoke: Ancestor Life: Ba |       |       |     1 |       |       |       ||     1
         Ancestor Identity |       |       |       |     1 |       |       ||     1
         Recall Ancestor   |       |       |       |       |     2 |     1 ||     3
         Idealise          |       |       |       |       |     1 |     1 ||     2
  Evoke: Wand              |       |     3 |     5 |    14 |    10 |     1 ||    33
         Lightning rod     |       |       |       |     4 |     8 |     7 ||    19
         Phantom mirror    |       |       |       |       |       |     2 ||     2
    Use: Potion            |       |     3 |     2 |     6 |    10 |     9 ||    30
         Scroll            |       |     4 |    12 |    18 |    17 |    15 ||    66
   Stab: Distracted        |       |       |       |     5 |    10 |     8 ||    23
         Invisible         |       |       |       |     6 |       |       ||     6
         Paralysed         |       |       |       |       |     3 |       ||     3
 Armour: Scale mail        |    42 |    95 |    57 |       |       |       ||   194
         Plate armour      |       |       |    68 |   186 |   686 |   416 ||  1356
  Dodge: Dodged            |    32 |    75 |    69 |    73 |   172 |    35 ||   456
  Block: Buckler           |    25 |    42 |    49 |   109 |   295 |     9 ||   529
         Kite shield       |       |       |       |       |       |   245 ||   245

Table legend: (Time is in decaauts)
 A = Elapsed time spent in this place.
 B = Non-inter-level travel time spent in this place.
 C = Inter-level travel time spent in this place.
 D = Time resting spent in this place.
 E = Time spent auto-exploring this place.
 F = Levels seen in this place.
 G = Mean time per level.
                   A        B        C        D        E       F      G
               +--------+--------+--------+--------+--------+-----+--------+
         Total |  37783 |  35765 |   2018 |   8272 |  22070 |  28 | 1349.4 |
       Dungeon |  21116 |  19732 |   1384 |   3333 |  13557 |  15 | 1407.7 |
        Temple |    176 |    154 |     22 |      0 |    137 |   1 |  176.0 |
          Lair |   9104 |   8629 |    475 |   2704 |   4642 |   5 | 1820.8 |
         Swamp |   5434 |   5365 |     69 |   1709 |   2798 |   4 | 1358.5 |
  Orcish Mines |   1646 |   1579 |     67 |    525 |    820 |   2 |  823.0 |
        Bailey |    305 |    305 |      0 |      0 |    114 |   1 |  305.0 |
               +--------+--------+--------+--------+--------+-----+--------+

Top non-repeatable levels by time:
  Lair:4: 2281 daAuts
  Lair:1: 1942 daAuts
     D:8: 1903 daAuts
     D:4: 1870 daAuts
 Swamp:1: 1846 daAuts
     D:9: 1835 daAuts
  Lair:2: 1746 daAuts
 Swamp:3: 1743 daAuts
  Lair:5: 1682 daAuts
     D:3: 1681 daAuts
     D:5: 1642 daAuts
  Lair:3: 1450 daAuts
    D:11: 1415 daAuts
    D:15: 1392 daAuts
    D:14: 1354 daAuts
